Map: Ascension to Aiur LE

Players

DnS

  • Race: Protoss Protoss
  • Spawn Location: 5:00

Bly - Winner!

  • Race: Zerg Zerg
  • Spawn Location: 11:00

Event: WCS Jonkoping 2017

VOD

Have the link to the VOD?

Description

Time

  • Played on: June 17, 2017, 2:28 p.m.
  • Length: 17:20

All games in this series

Show
View Real Time Build Order
Export as new Build Order

DnS Protoss 

Build Orders: 1 Gate Expand, Zealot Archon, Dark Templar Rush 

Get SALT Encoding   

  12  0:01  Probe (Chrono Boost)  
  13  0:11  Probe (Chrono Boost)  
  14  0:17  Pylon  
  14  0:22  Probe (Chrono Boost)  
  16  0:35  Probe (Chrono Boost)  
  16  0:38  Gateway  
  16  0:46  Probe (Chrono Boost), Assimilator  
  17  0:57  Probe (Chrono Boost)  
  18  1:07  Probe (Chrono Boost)  
  19  1:19  Nexus  
  19  1:22  Probe (Chrono Boost)  
  20  1:32  Cybernetics Core  
  20  1:35  Probe (Chrono Boost)  
  20  1:39  Assimilator  
  21  1:45  Probe (Chrono Boost)  
  22  1:49  Pylon  
  22  1:56  Probe (Chrono Boost)  
  23  2:07  Probe  
  23  2:08  Warp Gate, Adept (Chrono Boost)  
  26  2:20  Probe  
  26  2:22  Twilight Council  
  27  2:29  Probe  
  27  2:32  Probe, Adept (Chrono Boost)  
  31  2:40  Probe  
  31  2:44  Probe (Chrono Boost)  
  33  2:52  Probe (Chrono Boost)  
  33  2:56  Probe (Chrono Boost), Robotics Facility  
  35  3:02  Probe (Chrono Boost)  
  36  3:06  Probe (Chrono Boost)  
  37  3:13  Probe (Chrono Boost)  
  37  3:16  Dark Shrine  
  37  3:17  Probe (Chrono Boost)  
  39  3:24  Probe (Chrono Boost)  
  39  3:26  Gateway  
  40  3:27  Probe (Chrono Boost)  
  40  3:32  Gateway x2  
  42  3:34  Probe (Chrono Boost)  
  42  3:37  Probe (Chrono Boost)  
  43  3:42  Pylon  
  43  3:45  Warp Prism (Chrono Boost)  
  43  3:47  Probe  
  45  3:53  Pylon  
  45  3:55  Assimilator  
  46  3:58  Assimilator  
  46  3:59  Probe  
  46  4:00  Probe  
  48  4:06  Pylon  
  48  4:09  Probe  
  48  4:12  Zealot  
  48  4:16  Probe  
  52  4:20  Probe  
  52  4:22  Pylon  
  53  4:31  Adept x2  
  56  4:32  Adept  
  56  4:34  Mothership Core (Chrono Boost)  
  56  4:36  Dark Templar  
  57  4:46  Pylon  
  57  4:51  Dark Templar  
  54  4:53  Dark Templar x2  
  54  5:02  Probe (Chrono Boost)  
  50  5:09  Probe (Chrono Boost)  
  50  5:12  Probe (Chrono Boost)  
  52  5:19  Probe (Chrono Boost), Archon  
  52  5:21  Zealot  
  55  5:26  Adept x2  
  59  5:29  Probe (Chrono Boost)  
  59  5:31  Probe (Chrono Boost)  
  56  5:39  Probe (Chrono Boost)  
  56  5:41  Probe (Chrono Boost)  
  54  5:42  Warp Prism  
  54  5:46  Charge  
  54  5:50  Probe (Chrono Boost)  
  54  5:51  Stalker  
  54  5:52  Probe (Chrono Boost)  
  54  5:56  Dark Templar  
  60  5:57  Dark Templar  
  60  6:02  Probe (Chrono Boost)  
  60  6:03  Zealot  
  65  6:08  Probe (Chrono Boost)  
  64  6:13  Probe (Chrono Boost), Pylon  
  65  6:19  Probe (Chrono Boost)  
  65  6:23  Probe (Chrono Boost)  
  67  6:29  Pylon  
  67  6:30  Probe (Chrono Boost), Pylon  
  68  6:35  Dark Templar x2  
  68  6:37  Probe (Chrono Boost)  
  73  6:41  Probe (Chrono Boost)  
  73  6:46  Pylon  
  73  6:48  Probe (Chrono Boost)  
  73  6:53  Probe (Chrono Boost)  
  74  6:56  Archon  
  74  6:57  Archon  
  74  6:59  Probe (Chrono Boost)  
  75  7:03  Probe (Chrono Boost)  
  75  7:06  Immortal (Chrono Boost)  
  80  7:10  Probe, Dark Templar x3  
  80  7:13  Nexus  
  80  7:15  Pylon, Probe  
  87  7:17  Pylon  
  87  7:22  Probe  
  89  7:28  Probe  
  89  7:34  Probe  
  82  7:40  Probe  
  82  7:41  Immortal (Chrono Boost)  
  79  7:46  Probe  
  79  7:48  Sentry x4  
  86  7:52  Probe  
  86  7:56  Forge  
  87  7:58  Probe  
  87  8:02  Gateway x2  
  87  8:04  Probe  
  89  8:07  Pylon, Gateway  
  89  8:10  Probe  
  90  8:13  Sentry, Immortal (Chrono Boost)  
  90  8:16  Probe  
  97  8:23  Probe  
  97  8:24  Probe  
  99  8:28  Zealot, Probe  
  99  8:29  Assimilator  
  99  8:31  Protoss Ground Weapons Level 1 (Chrono Boost)  
  99  8:33  Assimilator  
  102  8:35  Probe  
  102  8:36  Phoenix  
  102  8:39  Pylon  
  101  8:52  Gateway  
  101  8:53  Gateway, Warp Prism  
  101  8:54  Pylon  
  105  9:01  Pylon x2  
  103  9:10  Photon Cannon  
  103  9:12  Dark Templar x4  
  103  9:16  Archon x2  
  111  9:24  Nexus  
  111  9:34  Photon Cannon x2  
  111  9:39  Dark Templar x2  
  111  9:43  Templar Archives  
  115  9:50  Pylon  
  115  10:06  Probe  
  110  10:17  Zealot x4  
  110  10:18  Zealot x4  
  110  10:19  Probe  
  127  10:21  Probe  
  127  10:27  Pylon  
  128  10:32  Immortal  
  128  10:40  Protoss Ground Weapons Level 2 (Chrono Boost)  
  128  10:42  Archon  
  132  10:44  High Templar  
  132  10:45  High Templar x5  
  132  10:46  Pylon, Nexus  
  144  10:53  Archon  
  144  10:54  Archon x2  
  144  10:58  Pylon  
  144  10:59  Dark Templar  
  144  11:00  Dark Templar  
  144  11:02  Pylon  
  140  11:17  Warp Prism  
  135  11:26  Stalker  
  135  11:27  Stalker x5, Mothership Core  
  135  11:31  Photon Cannon  
  149  11:32  Photon Cannon  
  149  11:36  Dark Templar  
  151  11:47  Pylon, Stalker  
  151  11:50  Stalker x4  
  153  11:57  Zealot  
  155  12:13  Nexus  
  155  12:14  Pylon  
  152  12:18  Phoenix  
  145  12:27  Warp Prism  
  145  12:38  Dark Templar x3  
  145  12:39  Pylon, Dark Templar  
  145  12:40  Zealot x3  
  145  12:42  Archon x3  
  159  12:49  Mothership Core  
  161  12:59  Probe  
  161  13:00  Probe  
  163  13:10  Stalker x2  
  163  13:11  Stalker  
  163  13:12  Probe x2  
  169  13:30  Photon Cannon  
  169  13:33  Photon Cannon  
  169  13:34  Dark Templar x3  
  171  13:35  High Templar  
  171  13:40  Archon  
  171  13:41  Archon  
  168  13:52  Stalker x4  
  173  13:57  Warp Prism  
  162  14:12  Dark Templar x2, Mothership Core  
  162  14:13  Zealot x2  
  167  14:17  Archon  
  167  14:28  Stalker  
  167  14:29  Stalker  
  155  14:50  Stalker  
  155  14:51  Stalker  
  143  15:07  Probe  
  143  15:09  Probe x2  
  137  15:28  Zealot  
  137  15:29  Zealot x7  
  137  15:34  Probe  
  146  15:36  Probe x2  
  146  15:37  Assimilator  
  93  16:08  Zealot, Dark Templar x2  
  93  16:09  Zealot  
  65  16:40  Zealot x4  
  73  16:57  Zealot, Dark Templar  
Show
View Real Time Build Order
Export as new Build Order

Bly Zerg - Winner!

Build Orders: Hatch First 

Get SALT Encoding   

  12  0:01  Drone  
  13  0:13  Overlord  
  13  0:17  Drone  
  14  0:31  Drone x2  
  16  0:36  Drone  
  17  0:51  Hatchery  
  17  0:56  Drone  
  17  0:58  Drone  
  17  1:01  Extractor  
  17  1:13  Spawning Pool  
  17  1:16  Drone  
  17  1:19  Drone  
  18  1:28  Drone  
  19  1:40  Overlord  
  19  1:50  Drone  
  20  2:00  Queen  
  23  2:01  Zergling x2, Metabolic Boost  
  23  2:06  Queen  
  25  2:10  Zergling x2  
  25  2:14  Drone  
  25  2:15  Drone  
  29  2:22  Drone  
  29  2:24  Drone  
  30  2:39  Overlord  
  30  2:41  Hatchery  
  29  2:49  Drone x2  
  31  2:56  Drone  
  33  3:10  Drone x5  
  33  3:11  Drone  
  39  3:16  Overlord  
  39  3:19  Evolution Chamber  
  38  3:24  Overlord  
  35  3:27  Zergling x8  
  35  3:30  Zergling x2  
  40  3:36  Zergling x2  
  41  3:42  Zergling x2  
  41  3:43  Zergling x6  
  45  3:50  Queen, Zergling x2  
  45  3:53  Zergling x4  
  50  3:57  Zergling x2  
  51  4:05  Zergling x2  
  51  4:06  Zergling x8  
  56  4:25  Overlord  
  56  4:26  Queen  
  57  4:34  Spore Crawler  
  54  4:40  Zergling x22  
  61  4:52  Zergling x6  
  57  5:01  Drone  
  55  5:09  Drone x5  
  55  5:11  Spore Crawler  
  58  5:15  Zerg Melee Weapons Level 1, Drone x2  
  60  5:22  Spore Crawler  
  58  5:29  Drone x4  
  54  5:44  Drone x3  
  54  5:45  Drone x7  
  54  5:49  Lair  
  63  5:59  Overlord  
  58  6:05  Drone x4  
  58  6:06  Drone x2  
  58  6:10  Roach Warren  
  61  6:16  Overlord  
  61  6:19  Extractor  
  61  6:23  Hatchery  
  59  6:36  Drone x4  
  59  6:38  Extractor  
  59  6:39  Zergling x2  
  63  6:40  Zergling x18  
  63  6:43  Queen x2, Spine Crawler  
  74  6:50  Roach x3  
  74  6:52  Roach  
  74  6:53  Overseer  
  82  7:00  Overlord x2  
  82  7:01  Overlord  
  81  7:05  Glial Reconstitution, Overlord  
  81  7:12  Overlord x3  
  81  7:15  Extractor  
  80  7:18  Overlord  
  80  7:19  Queen  
  80  7:21  Roach  
  80  7:22  Roach x3  
  89  7:36  Drone x5  
  81  7:44  Drone x2  
  81  7:47  Drone  
  83  7:52  Spire  
  83  7:54  Drone  
  83  7:55  Drone x4  
  83  7:56  Extractor  
  83  7:57  Extractor  
  85  8:04  Hatchery  
  85  8:05  Drone x4  
  86  8:06  Overseer, Drone  
  86  8:10  Drone  
  90  8:15  Overlord  
  90  8:19  Drone x2  
  92  8:25  Overlord  
  92  8:28  Overlord  
  92  8:53  Zergling x2  
  92  8:54  Zergling x22  
  104  9:04  Hatchery  
  104  9:05  Mutalisk x7  
  104  9:09  Extractor  
  116  9:11  Baneling Nest  
  116  9:12  Mutalisk x3  
  116  9:14  Extractor  
  120  9:18  Mutalisk x2  
  124  9:32  Roach  
  124  9:33  Roach x9  
  144  9:47  Drone x3  
  144  9:48  Drone  
  148  9:57  Drone  
  148  9:58  Drone x8  
  148  9:59  Drone  
  158  10:01  Zerg Flyer Weapons Level 1  
  158  10:03  Spore Crawler  
  153  10:15  Mutalisk x7  
  153  10:17  Overlord  
  165  10:23  Overlord  
  165  10:25  Zerg Melee Weapons Level 2  
  163  10:32  Mutalisk x2  
  165  10:37  Centrifical Hooks  
  165  10:40  Extractor  
  165  10:42  Extractor  
  163  10:46  Zergling x18  
  163  10:47  Zergling x2  
  173  10:59  Mutalisk x4  
  181  11:10  Zergling x6  
  178  11:24  Baneling  
  178  11:25  Baneling x25  
  176  11:34  Zergling x12  
  176  11:37  Overlord x3  
  180  11:44  Overlord x2  
  180  11:48  Hatchery  
  171  11:56  Zergling x20  
  171  11:57  Zergling x2  
  171  11:58  Baneling x4  
  171  11:59  Ravager  
  171  12:00  Ravager x2  
  185  12:07  Ravager x7  
  177  12:33  Mutalisk x5  
  177  12:35  Zergling x4  
  177  12:36  Zergling x20  
  199  12:40  Hatchery  
  198  12:47  Infestation Pit  
  198  12:48  Zerg Missile Weapons Level 1  
  197  12:53  Spine Crawler  
  196  13:05  Hatchery  
  194  13:14  Mutalisk x2  
  184  13:31  Hive  
  184  13:32  Mutalisk x2  
  184  13:33  Mutalisk x3  
  194  13:37  Zergling x12  
  190  14:07  Zergling x2  
  190  14:08  Zergling x24  
  200  14:17  Baneling  
  200  14:18  Baneling x7  
  198  14:29  Mutalisk  
  194  14:40  Drone x3  
  194  14:43  Hatchery  
  195  14:46  Greater Spire  
  195  14:50  Ravager x3  
  195  14:51  Ravager x2  
  192  15:09  Corruptor x4  
  198  15:18  Baneling x14  
  198  15:19  Baneling x4  
  198  15:20  Spine Crawler  
  198  15:21  Spine Crawler  
  197  15:25  Spine Crawler  
  193  15:37  Baneling x5  
  193  15:38  Baneling  
  193  15:47  Spine Crawler x2  
  193  15:49  Spine Crawler  
  187  15:50  Spine Crawler x2  
  133  16:04  Zergling x2  
  133  16:05  Zergling x48  
  142  16:31  Brood Lord x2  
  142  16:32  Brood Lord x2  
  128  16:36  Overseer  
  123  16:41  Drone x3  
  125  16:49  Baneling x11  
  125  16:50  Baneling x2  
  125  16:51  Roach x10  
Tags
 
Add a new tag
Caveats
  • Supply blocks, unpowered buildings, or Contaminate may cause inaccurate times.
  • Supply counts are checked every 10 seconds.